 Dungeon Crawl Stone Soup version 0.27.1-4-g1640c2035a (webtiles) character file.

Game seed: 16054175301173121120

159420 Elvor the Fighter (level 17, 0/154 HPs)
             Began as a White Draconian Conjurer on Nov 15, 2021.
             Was the Champion of the Shining One.
             Slain by a nagaraja (16 damage)
             ... on level 4 of the Snake Pit on Nov 18, 2021.
             The game lasted 07:27:31 (31122 turns).

Elvor the Fighter (White Draconian Conjurer)       Turns: 31122, Time: 07:27:31

Health: 0/154      AC: 15    Str: 13    XL:     17   Next: 16%
Magic:  5/34       EV: 12    Int: 34    God:    the Shining One [******]
Gold:   1569       SH:  7    Dex: 13    Spells: 6/43 levels left

rFire    + . .     SeeInvis +   C - +6 flail of Resumed Hostilities {flame, Dex+2}
rCold    . . .     Faith    .   L - +2 buckler
rNeg     + + +     Spirit   .   (armour unavailable)
rPois    +         Reflect  .   h - +0 hat {SInv}
rElec    .         Harm     .   K - +1 cloak {Stlth+}
rCorr    .         Rampage  .   G - +0 pair of gloves
Will     +....                  I - +2 pair of boots
Stlth    ++........             A - amulet of regeneration
HPRegen  1.35/turn              Q - ring of the Lotus Blossom {Str+3 Int+6 Slay+4 Stlth+}
MPRegen  0.24/turn              D - ring "Xalikaof" {Fire rPois Int+4 Stlth-}

@: very slightly contaminated, glowing, constricted
A: breathe frost, AC +9, unfitting armour, cold resistance 1, cold-blooded
a: Breathe Frost, Renounce Religion, Divine Shield, Cleansing Flame, Summon
Divine Warrior, Brand Weapon With Holy Wrath


You were on level 4 of the Snake Pit.
You worshipped the Shining One.
The Shining One was exalted by your worship.
You visited 5 branches of the dungeon, and saw 28 of its levels.
You also visited: Gauntlet and Ice Cave.

You collected 2925 gold pieces.
You spent 1356 gold pieces at shops.

Inventory:

Hand Weapons
 s - a +1 morningstar of freezing
 C - the +6 flail of Resumed Hostilities (weapon) {flame, Dex+2}
   (You found it on level 7 of the Dungeon)

   It burns those it strikes, dealing additional fire damage.
   Dex:       It affects your dexterity (+2).
Missiles
 a - 670 stones
 j - 88 poisoned darts
 x - 6 curare-tipped darts
Armour
 h - a +0 hat of see invisible (worn)
 v - a +2 cloak
 B - a +0 crystal plate armour of cold resistance
 F - +1 ice dragon scales
 G - a +0 pair of gloves (worn)
 H - a +1 pair of boots of rampaging
 I - a +2 pair of boots (worn)
 K - a +1 cloak of stealth (worn)
 L - a +2 buckler (worn)
Magical Staves
 X - a staff of earth
Jewellery
 y - a +6 ring of intelligence
 A - an amulet of regeneration (around neck)
 D - the ring "Xalikaof" (right hand) {Fire rPois Int+4 Stlth-}
   (You found it in a Gauntlet)

   [ring of fire]

   It enhances your fire magic.
   Int:       It affects your intelligence (+4).
   rF:        It protects you from fire.
   rC:        It makes you vulnerable to cold.
   rPois:     It protects you from poison.
   Stlth:     It makes you less stealthy.
 J - an amulet of reflection
 M - a +6 ring of intelligence
 N - a ring of flight
 Q - the ring of the Lotus Blossom (left hand) {Str+3 Int+6 Slay+4 Stlth+}
   (You found it in an ice cave)

   [ring of intelligence]

   Str:       It affects your strength (+3).
   Int:       It affects your intelligence (+6).
   Slay:      It affects your accuracy & damage with ranged weapons and melee
   (+4).
   Stlth:     It makes you more stealthy.
Wands
 q - a wand of mindburst (26)
 O - a wand of digging (13)
 R - a wand of charming (2)
 T - a wand of paralysis (16)
 U - a wand of polymorph (41)
Scrolls
 b - a scroll of fog
 e - 10 scrolls of blinking
 g - 6 scrolls of fear
 l - 13 scrolls of teleportation
 m - 3 scrolls of magic mapping
 o - a scroll of torment
 p - 5 scrolls of vulnerability
 r - a scroll of enchant armour
 t - 9 scrolls of immolation
 E - a scroll of silence
 S - 3 scrolls of identify
 W - a scroll of amnesia
Potions
 c - 2 potions of cancellation
 d - a potion of flight
 f - 5 potions of might
 i - 6 potions of curing
 k - 2 potions of mutation
 n - 6 potions of heal wounds
 u - 7 potions of lignification
 w - 2 potions of haste
 z - 9 potions of brilliance
 V - a potion of berserk rage
Miscellaneous
 P - a phantom mirror (inert) (quivered)


   Skills:
 * Level 14.7 Fighting
 + Level 3.2 Short Blades
 + Level 8.6 Maces & Flails
 + Level 8.8 Throwing
 + Level 7.6 Dodging
 + Level 5.4 Stealth
 + Level 6.8 Shields
 + Level 13.6 Spellcasting
 + Level 11.3 Conjurations
 + Level 1.4 Summonings
 + Level 2.9 Translocations
 + Level 2.2 Transmutations
 + Level 8.3 Air Magic
 + Level 5.1 Earth Magic
 + Level 6.8 Poison Magic
 + Level 5.4 Evocations


You had 6 spell levels left.
You knew the following spells:

 Your Spells              Type           Power      Damage    Failure   Level
a - Magic Dart            Conj           100%       1d8       1%          1
b - Searing Ray           Conj           100%       3d7       1%          2
c - Poisonous Vapours     Pois/Air       100%       N/A       1%          2
d - Iskenderun's Mystic   Conj/Tloc      64%        2d13      1%          4
e - Mephitic Cloud        Conj/Pois/Air  70%        N/A       1%          3
f - Petrify               Tmut/Erth      48%        N/A       4%          4
g - Apportation           Tloc           86%        N/A       1%          1
h - Sandblast             Erth           100%       2d20      1%          1
i - Summon Lightning Spi  Summ/Air       54%        N/A       2%          4
j - Lightning Bolt        Conj/Air       37%        1d55      1%          5
k - Passage of Golubria   Tloc           N/A        N/A       5%          4
l - Iron Shot             Conj/Erth      34%        9d7       10%         6

Your spell library contained the following spells:

 Spells                   Type           Power      Damage    Failure   Level
 Animate Skeleton         Necr           46%        N/A       1%          1
 Beastly Appendage        Tmut           76%        N/A       1%          1
 Corona                   Hex            25%        N/A       1%          1
 Foxfire                  Conj/Fire      100%       2x1d9     1%          1
 Pain                     Necr           92%        1d8       1%          1
 Sting                    Tmut/Pois      100%       1d8       1%          1
 Summon Small Mammal      Summ           100%       N/A       1%          1
 Call Imp                 Summ           33%        N/A       1%          2
 Static Discharge         Conj/Air       74%        N/A       1%          2
 Wereblood                Tmut           38%        N/A       1%          2
 Dazzling Flash           Conj/Hex       100%       N/A       1%          3
 Gell's Gravitas          Tloc           21%        N/A       1%          3
 Lesser Beckoning         Tloc           21%        N/A       1%          3
 Spider Form              Tmut/Pois      26%        N/A       1%          3
 Teleport Other           Tloc           43%        N/A       1%          3
 Airstrike                Air            34%        N/A       1%          4
 Fulminant Prism          Conj/Hex       29%        3d14      1%          4
 Olgreb's Toxic Radiance  Pois           63%        N/A       1%          4
 Sticky Flame             Conj/Fire      75%        2d9       1%          4
 Iskenderun's Battlesphe  Conj           79%        2d13      1%          5
 Sublimation of Blood     Necr           11%        N/A       2%          2
 Irradiate                Conj/Tmut      31%        3d23      3%          5
 Conjure Ball Lightning   Conj/Air       37%        3x3d12    4%          6
 Vampiric Draining        Necr           11%        2d7       5%          3
 Silence                  Hex/Air        25%        N/A       10%         5
 Manifold Assault         Tloc           43%        N/A       16%         5
 Dispel Undead            Necr           23%        3d12      19%         4
 Starburst                Conj/Fire      37%        6d11      28%         6
 Agony                    Necr           23%        N/A       45%         5
 Orb of Destruction       Conj           39%        9d13      14%         7
 Malign Gateway           Summ/Tloc      19%        N/A       99%         7
 Lehudib's Crystal Spear  Conj/Erth      34%        10d9      99%         8
 Summon Horrible Things   Summ           16%        N/A       100%        8
 Fire Storm               Conj/Fire      37%        8d10      100%        9


Dungeon Overview and Level Annotations

Branches:
Dungeon (15/15)            Temple (1/1) D:5            Lair (6/6) D:11
  Swamp (0/4) Lair:3        Snake (4/4) Lair:4        Slime (0/5) Lair:5
    Orc (2/2) D:10            Elf (0/3) Orc:2        Vaults (0/5) D:13
 Depths (0/5) D:15          IceCv (visited)         Gauntlet (visited)

Altars:
Ashenzari
Cheibriados
Dithmenos
Elyvilon
Fedhas
Gozag
Hepliaklqana
Kikubaaqudgha
Makhleb
Nemelex Xobeh
Okawaru
Qazlal
Ru
Sif Muna
Trog
Uskayaw
Vehumet
Wu Jian
Xom
Yredelemnul
Zin
The Shining One
Jiyva

Shops:
D:2 :   D:14 (   Orc:2 (*=*[

Portals:
Trove: D:14 (give 11 potions of heal wounds)

Annotations:
D:11 exclusion: obsidian statue


Innate Abilities, Weirdness & Mutations

You can breathe waves of freezing cold which knock back foes.
Your icy white scales are hard. (AC +9)
You cannot fit into any form of body armour.
Your flesh is cold resistant. (rC+)
You are cold-blooded and may be slowed by cold attacks.


Message History

The naga warrior spits poison at you.
The splash of poison hits you but does no damage.
You resist.
Your lightning spire shoots out a bolt of lightning at the nagaraja!
The bolt of electricity hits the nagaraja!
You feel sick.
The nagaraja hits you but does no damage.
The nagaraja closely misses you. The nagaraja barely misses you.
The nagaraja closely misses you.
Aiming: Phantom Mirror
Press: ? - help, Q - select action, (/) - cycle Dir - move target, f - naga warrior, p - nagaraja
Aim: a naga warrior, wielding a +0 scimitar, wearing a +0 robe and wearing a +0 kite shield (lightly wounded, haloed)
You reflect the naga warrior with the mirror!
The mirror clouds!
You feel sick. The nagaraja spits poison at you. The splash of poison hits you.
You are more poisoned.
You resist.
* * * LOW HITPOINT WARNING * * *
Your naga warrior spits poison at the naga warrior.
The splash of poison hits the naga warrior.
The naga warrior completely resists.
Your naga warrior blocks the naga warrior's attack.
The naga warrior grabs your naga warrior.
The naga warrior constricts your naga warrior.
You feel better.
You have got your breath back.
The nagaraja hits you with a +0 spear!
* * * LOW HITPOINT WARNING * * *
The nagaraja grabs you. The nagaraja constricts you.
* * * LOW HITPOINT WARNING * * *
The naga warrior spits poison at your naga warrior.
The splash of poison hits your naga warrior but does no damage.
The naga warrior constricts your naga warrior.
The naga warrior blocks your naga warrior's attack.
Your naga warrior grabs the naga warrior.
Your naga warrior constricts the naga warrior.
Something hits your naga warrior! The nagaraja hits you with a +0 spear!
You die...

#### .N.
########N##
#.....@)$†#
#....N..8.#
#.........#
#.........#
#.........#
###########
# . # #


You could see a naga warrior (catching breath), a nagaraja (fast, ally target),
a friendly naga warrior (summoned, catching breath, drained) and a friendly
lightning spire (summoned).

Vanquished Creatures
  Frances (Snake:2)
  Gastronok (Lair:2)
  A nagaraja (Snake:2)
  A draconian knight (IceCv)
  The ghost of chujev the Fighter, a journeyman DrTm of Sif Muna (Lair:6)
  An orc warlord (Orc:2)
  A minotaur (Gauntlet)
  The ghost of Iepvzaeh the Blocker, a journeyman DDFi of Makhleb (D:12)
  4 white draconians (IceCv)
  Snorg (D:14)
  Fannar (D:10)
  A vault guard (D:13)
  2 boulder beetles
  2 naga warriors (Snake:2)
  A rakshasa (D:15)
  3 hydras
  5 centaur warriors
  A salamander tyrant (Snake:2)
  3 catoblepae (Lair:6)
  3 anacondas
  2 two-headed ogres
  2 tengu warriors
  A dancing weapon (D:12)
  A death knight (D:13)
  2 alligators (D:12)
  5 death yaks (Lair:6)
  5 shock serpents
  2 death scarabs (Gauntlet)
  4 orc high priests (Orc:2)
  8 naga sharpshooters
  3 salamander mystics
  3 skeletal warriors
  A spectral hydra (Gauntlet)
  7 orc knights
  An orange crystal statue (IceCv)
  A wizard (Gauntlet)
  4 naga ritualists
  A lindwurm (Lair:3)
  Pikel (D:5)
  A necromancer (Gauntlet)
  3 orc sorcerers
  11 ugly things
  13 mana vipers
  4 cyclopes
  5 deep elf pyromancers
  An oklob plant (Lair:2)
  4 manticores
  29 salamanders
  10 naga magi
  29 black mambas
  3 guardian serpents (Snake:3)
  Maggie (D:8)
  7 storm dragon simulacra (IceCv)
  2 unseen horrors (D:12)
  Psyche (D:12)
  9 cane toads
  A gargoyle (D:12)
  9 komodo dragons
  5 rime drakes
  3 efreet
  A freezing wraith (D:13)
  4 golden dragon simulacra (IceCv)
  A polar bear (Lair:6)
  10 trolls
  A tyrant leech (Lair:3)
  2 wolf spider simulacra
  A hornet (D:10)
  27 blink frogs
  23 slime creatures
  A slime creature (shapeshifter) (D:15)
  12 dream sheep
  A spectral black mamba (Gauntlet)
  6 wyverns
  A centaur simulacrum (D:15)
  A wraith (D:13)
  40 yaks
  A shadow (D:9)
  11 basilisks
  A spectral komodo dragon (Gauntlet)
  A fire bat (D:12)
  A steam dragon (D:9)
  7 vampire mosquitoes
  34 nagas
  An acid dragon (D:11)
  6 wargs
  A spectral cane toad (Gauntlet)
  11 water moccasins
  2 hell hounds (D:12)
  36 orc warriors
  6 ice dragon simulacra (IceCv)
  3 black bears
  2 necrophages
  An ice beast (D:5)
  15 wolves
  7 ogres
  A lemure (D:5)
  A phantom (D:7)
  4 centaurs
  2 kobold brigands (D:8)
  14 bullfrogs
  A gnoll sergeant (D:9)
  4 scorpions
  A water moccasin zombie (D:5)
  3 lindwurm simulacra (IceCv)
  11 killer bees
  3 wights (D:3)
  4 howler monkeys
  3 vampire bats (D:12)
  2 centaur zombies
  A lava snake (Snake:1)
  4 hounds (D:12)
  2 centaur skeletons
  A gnoll shaman (D:5)
  17 orc priests
  2 iguanas
  16 orc wizards
  2 hell rats (D:12)
  A hound zombie (D:5)
  2 howler monkey zombies
  8 gnolls
  4 river rats (D:12)
  3 adders
  A shadow imp (Gauntlet)
  A white imp (D:8)
  3 worms
  3 dart slugs
  64 orcs
  10 endoplasms
  3 giant cockroaches
  3 goblins
  7 hobgoblins
  14 jackals
  A quokka (D:1)
  8 ball pythons
  10 bats
  8 frilled lizards
  18 kobolds
  13 rats
803 creatures vanquished.

Vanquished Creatures (collateral kills)
  A nagaraja (Snake:3)
  A very ugly thing (D:15)
  A great orb of eyes (D:15)
  A rakshasa (D:15)
  A naga warrior (Snake:3)
  2 anacondas (Snake:2)
  A salamander mystic (Snake:2)
  2 naga ritualists
  A mana viper (Snake:1)
  5 ugly things
  A cyclops (D:15)
  A salamander (Snake:2)
  3 naga magi
  3 black mambas
  A hornet (shapeshifter) (D:13)
  A blink frog (shapeshifter) (D:14)
  2 nagas
  A lindwurm simulacrum (IceCv)
29 creatures vanquished.

Vanquished Creatures (others)
  A white draconian (IceCv)
  An ugly thing (D:15)
  2 black mambas (Snake:1)
  A troll (D:10)
  A yak (Lair:6)
  64 fungi
  103 plants
173 creatures vanquished.

Grand Total: 1005 creatures vanquished

Notes
Turn   | Place    | Note
-------+----------+-------------------------------------------
     0 | D:1      | Elvor the Draconian Conjurer began the quest for the Orb.
     0 | D:1      | Reached XP level 1. HP: 14/14 MP: 3/3
   284 | D:1      | Reached XP level 2. HP: 19/20 MP: 3/5
   287 | D:1      | Learned a level 2 spell: Searing Ray
   328 | D:1      | Found a faded altar of an unknown god.
   670 | D:2      | Reached skill level 1 in Fighting
   671 | D:2      | Found Tits's Book Shoppe.
   839 | D:2      | Reached XP level 3. HP: 9/28 MP: 0/6
  1656 | D:3      | Reached XP level 4. HP: 35/35 MP: 0/7
  1714 | D:3      | Found Qiarell's Magic Scroll Shoppe.
  1749 | D:3      | Bought a scroll of identify for 28 gold pieces
  1749 | D:3      | Bought a scroll of teleportation for 42 gold pieces
  1749 | D:3      | Bought a scroll of magic mapping for 49 gold pieces
  1749 | D:3      | Bought a scroll of identify for 28 gold pieces
  1961 | D:3      | Reached skill level 5 in Conjurations
  2174 | D:3      | Reached skill level 2 in Fighting
  2174 | D:3      | Reached XP level 5. HP: 41/41 MP: 2/9
  2601 | D:4      | Reached skill level 1 in Short Blades
  2641 | D:4      | Found a hide-covered altar of Uskayaw.
  2641 | D:4      | Noticed a +0 dagger
  2641 | D:4      | Noticed a +0 dagger
  2778 | D:4      | Noticed a necrophage
  2787 | D:4      | Killed a necrophage
  2788 | D:4      | Reached XP level 6. HP: 50/50 MP: 3/11
  3034 | D:5      | Entered Level 5 of the Dungeon
  3034 | D:5      | Found a snail-covered altar of Cheibriados.
  3090 | D:5      | Reached skill level 3 in Fighting
  3188 | D:5      | Your scales start taking on an icy white colour.
  3188 | D:5      | Reached XP level 7. HP: 51/57 MP: 7/13
  3188 | D:5      | Gained mutation: Your flesh is cold resistant. (rC+) [White
                  | Draconian growth]
  3482 | D:5      | Noticed a yak
  3486 | D:5      | Noticed a yak
  3486 | D:5      | Noticed a yak
  3486 | D:5      | Noticed a yak
  3511 | D:5      | Reached skill level 1 in Throwing
  3616 | D:5      | Found a staircase to the Ecumenical Temple.
  3628 | Temple   | Entered the Ecumenical Temple
  3900 | D:5      | Reached skill level 4 in Fighting
  3913 | D:5      | Noticed Pikel
  3920 | D:5      | Killed Pikel
  3921 | D:5      | Reached skill level 5 in Spellcasting
  3921 | D:5      | Reached XP level 8. HP: 67/67 MP: 6/16
  3941 | D:5      | Reached skill level 5 in Fighting
  4065 | D:5      | Reached XP level 9. HP: 74/74 MP: 10/18
  4705 | D:6      | Reached skill level 6 in Fighting
  4847 | D:7      | Identified the +6 flail of Resumed Hostilities {flame,
                  | Dex+2}
  5412 | D:7      | Found an ornate altar of the Wu Jian Council.
  5997 | D:8      | Noticed Maggie
  6012 | D:8      | Killed Maggie
  6013 | D:8      | Reached XP level 10. HP: 47/84 MP: 6/20
  6313 | D:8      | Reached skill level 5 in Throwing
  6699 | D:9      | Found a shimmering blue altar of Sif Muna.
  6701 | D:9      | Found a blossoming altar of Fedhas.
  6730 | D:9      | Found a burning altar of Makhleb.
  6749 | D:9      | Noticed a centaur warrior
  7100 | D:9      | Reached skill level 7 in Fighting
  7100 | D:9      | Found a shimmering blue altar of Sif Muna.
  7195 | D:9      | Reached skill level 5 in Stealth
  7352 | D:9      | Learned a level 2 spell: Poisonous Vapours
  7357 | D:9      | Learned a level 4 spell: Iskenderun's Mystic Blast
  7507 | D:9      | Found a glowing golden altar of the Shining One.
  7514 | D:9      | Became a worshipper of the Shining One
  7536 | D:9      | Found a sacrificial altar of Ru.
  7650 | D:9      | Found an iron altar of Okawaru.
  7663 | D:9      | Killed a centaur warrior
  7664 | D:9      | Reached skill level 1 in Shields
  7830 | D:9      | Found a hazy altar of Hepliaklqana.
  7958 | D:10     | Entered Level 10 of the Dungeon
  8166 | D:10     | Found a stormy altar of Qazlal.
  8333 | D:10     | Reached skill level 1 in Maces & Flails
  8412 | D:10     | Noticed Fannar
  8445 | D:10     | Killed Fannar
  8502 | D:10     | Found a staircase to the Orcish Mines.
  8676 | D:10     | Paralysed by a hornet for 2 turns
  8687 | D:10     | Identified the +5 short sword "Ikhlilet" {pain, Contam
                  | rElec rCorr SInv}
  8748 | D:10     | Reached XP level 11. HP: 83/94 MP: 19/23
  8762 | D:10     | Learned a level 3 spell: Mephitic Cloud
  9029 | D:11     | Noticed a boulder beetle
  9100 | D:11     | Reached skill level 1 in Poison Magic
  9140 | D:11     | Found a staircase to the Lair.
  9239 | D:11     | Reached * piety under the Shining One
  9257 | D:11     | Reached skill level 1 in Air Magic
  9571 | D:11     | Noticed an obsidian statue
  9699 | D:11     | Reached skill level 8 in Fighting
  9727 | D:11     | Killed a boulder beetle
  9728 | D:11     | Reached skill level 1 in Evocations
  9745 | D:11     | Noticed a green ugly thing
  9771 | D:11     | Killed a green ugly thing
 10211 | D:12     | Noticed a deep elf pyromancer
 10215 | D:12     | Killed a deep elf pyromancer
 10309 | D:12     | Reached ** piety under the Shining One
 10458 | D:12     | Noticed a deep elf pyromancer
 10465 | D:12     | Killed a deep elf pyromancer
 10535 | D:12     | Noticed an alligator
 10545 | D:12     | Killed an alligator
 10568 | D:12     | Noticed an alligator
 10572 | D:12     | Reached skill level 9 in Fighting
 10584 | D:12     | Killed an alligator
 10585 | D:12     | Reached XP level 12. HP: 90/104 MP: 3/25
 10866 | D:12     | Noticed Psyche
 10871 | D:12     | Killed Psyche
 11034 | D:12     | Found a runed translucent door.
 11035 | D:12     | Found a shimmering altar of Xom.
 11035 | D:12     | Noticed Iepvzaeh's ghost (journeyman DDFi)
 11035 | D:12     | Identified the +5 quarterstaff of Welfare {chaos, Will+
                  | Str+4}
 11185 | Lair:1   | Entered Level 1 of the Lair of Beasts
 11315 | Lair:1   | You fall into a shaft and drop 1 floor!
 11384 | Lair:2   | Reached *** piety under the Shining One
 11385 | Lair:2   | Found a bloodstained altar of Trog.
 12150 | Lair:1   | You fall into a shaft and drop 1 floor!
 12184 | Lair:2   | Noticed Gastronok
 12194 | Lair:2   | Killed Gastronok
 12323 | Lair:1   | Reached skill level 10 in Fighting
 12848 | Lair:3   | Noticed a five-headed hydra
 12855 | Lair:3   | Killed a five-headed hydra
 13128 | Lair:3   | Reached skill level 10 in Spellcasting
 13133 | Lair:3   | Reached XP level 13. HP: 82/113 MP: 19/27
 13370 | Lair:3   | Found a staircase to the Swamp.
 13819 | Lair:3   | Reached skill level 5 in Air Magic
 13891 | Lair:4   | Found a staircase to the Snake Pit.
 14117 | Lair:4   | Reached **** piety under the Shining One
 14402 | Lair:5   | Learned a level 4 spell: Petrify
 14417 | Lair:5   | Reached skill level 5 in Maces & Flails
 14447 | Lair:5   | Reached skill level 5 in Poison Magic
 14454 | Lair:5   | Reached skill level 5 in Dodging
 14487 | Lair:5   | Identified the +5 war axe of the Vanishing Friends {vamp,
                  | rPois Will+ MP+9 Dex+3}
 14558 | Lair:5   | Reached skill level 11 in Fighting
 14942 | Lair:5   | Found a staircase to the Slime Pits.
 14942 | Lair:5   | Found a viscous altar of Jiyva.
 15258 | Lair:5   | Reached skill level 5 in Shields
 15406 | Lair:6   | Entered Level 6 of the Lair of Beasts
 15910 | Lair:6   | Found a runed translucent door.
 15933 | Lair:6   | Noticed chujev's ghost (journeyman DrTm)
 16010 | Lair:6   | Reached ***** piety under the Shining One
 16272 | Lair:6   | Reached XP level 14. HP: 105/124 MP: 17/29
 16544 | Lair:6   | Reached skill level 1 in Translocations
 16688 | Lair:6   | Identified the +1 pair of gloves of Action {Str-5 Dex+9}
 16798 | Lair:6   | Killed chujev's ghost
 17186 | D:3      | Bought a scroll of magic mapping for 49 gold pieces
 17186 | D:3      | Bought a scroll of amnesia for 49 gold pieces
 17186 | D:3      | Bought a scroll of blinking for 105 gold pieces
 17186 | D:3      | Bought a scroll of teleportation for 42 gold pieces
 17241 | D:2      | Bought Sif Muna's Incunabulum of Dusty Confrontation for
                  | 480 gold pieces
 17241 | D:2      | Bought Witchcraft for Beginners for 120 gold pieces
 17243 | D:2      | Learned a level 1 spell: Apportation
 17245 | D:2      | Learned a level 1 spell: Sandblast
 17491 | Orc:1    | Entered Level 1 of the Orcish Mines
 17576 | Orc:2    | Entered Level 2 of the Orcish Mines
 17576 | Orc:2    | Found Tydghe's General Store.
 17595 | Orc:2    | Noticed an orc warlord
 17614 | Orc:2    | Reached skill level 12 in Fighting
 17615 | Orc:2    | Reached skill level 1 in Earth Magic
 17835 | Orc:2    | Killed an orc warlord
 17836 | Orc:2    | Reached skill level 10 in Conjurations
 18024 | Orc:2    | Found Pasoesch's Jewellery Shoppe.
 18153 | Orc:2    | Paralysed by an orc sorcerer for 5 turns
 18182 | Orc:2    | Found Xurhibuy's Antique Weapon Shoppe.
 18550 | Orc:2    | Found Joaxit's Antique Armour Boutique.
 18583 | Orc:2    | Found a staircase to the Elven Halls.
 18651 | Orc:2    | Found Niotef's General Store.
 18660 | Orc:2    | Bought a scroll of fear for 56 gold pieces
 18660 | Orc:2    | Bought a potion of curing for 48 gold pieces
 19403 | Orc:2    | Bought 2 potions of haste for 260 gold pieces
 19944 | D:12     | Killed Iepvzaeh's ghost
 20792 | D:13     | Reached XP level 15. HP: 134/134 MP: 12/30
 20847 | D:13     | Found a gate to the Vaults.
 21321 | D:14     | Learned a level 4 spell: Summon Lightning Spire
 21327 | D:14     | Learned a level 5 spell: Lightning Bolt
 21347 | D:14     | Reached skill level 5 in Evocations
 21390 | D:14     | Found a portal to a secret trove of treasure.
 21440 | D:14     | Found Loajih's Antique Weapon Shop.
 21453 | D:14     | Noticed Snorg
 21477 | D:14     | Killed Snorg
 21938 | D:15     | Entered Level 15 of the Dungeon
 21963 | D:15     | Found a gate leading to a gauntlet.
 21982 | Gauntlet | Entered a Gauntlet
 21982 | Gauntlet | Found a transporter.
 21982 | Gauntlet | Found a transporter.
 21991 | Gauntlet | Found a transporter.
 21994 | Gauntlet | Found a transporter.
 22001 | Gauntlet | Found a runed translucent door.
 22004 | Gauntlet | Found a transporter.
 22006 | Gauntlet | Found a transporter.
 22010 | Gauntlet | Reached ****** piety under the Shining One
 22014 | Gauntlet | Found a transporter.
 22033 | Gauntlet | Found a transporter.
 22044 | Gauntlet | Found a transporter.
 22048 | Gauntlet | Found a transporter.
 22056 | Gauntlet | Found a transporter.
 22060 | Gauntlet | Found a transporter.
 22174 | Gauntlet | Identified the ring "Caisu" {Wiz rPois Will+ Stlth+}
 22183 | Gauntlet | Identified the ring "Xalikaof" {Fire rPois Int+4 Stlth-}
 22185 | Gauntlet | Reached skill level 13 in Fighting
 22341 | Gauntlet | Identified the +1 plate armour of the Bells {Fly rElec rN+
                  | Dex+3}
 22374 | Gauntlet | Got the Collected Works on Dislocation
 22380 | Gauntlet | Learned a level 4 spell: Passage of Golubria
 22585 | D:15     | Reached skill level 1 in Transmutations
 23514 | D:15     | Found a staircase to the Depths.
 23787 | Snake:1  | Entered Level 1 of the Snake Pit
 24692 | Snake:1  | Reached XP level 16. HP: 112/145 MP: 2/32
 25733 | Snake:1  | You fall into a shaft and drop 1 floor!
 25808 | Snake:2  | Found a frozen archway.
 25816 | IceCv    | Entered an ice cave
 26156 | IceCv    | Reached skill level 14 in Fighting
 26784 | IceCv    | Identified the ring of the Lotus Blossom {Str+3 Int+6
                  | Slay+4 Stlth+}
 27468 | Snake:2  | Noticed Frances
 27478 | Snake:2  | Reached skill level 1 in Summonings
 27930 | Snake:1  | Identified a scroll of acquirement
 28928 | Snake:2  | Killed Frances
 29875 | Snake:2  | Acquired Dispater's Almanac of Attacks
 29884 | Snake:2  | Learned a level 6 spell: Iron Shot
 30624 | Snake:3  | Reached XP level 17. HP: 154/154 MP: 16/34
 30772 | Snake:3  | Reached skill level 5 in Earth Magic
 31083 | Snake:4  | Entered Level 4 of the Snake Pit
 31122 | Snake:4  | Slain by a nagaraja

Illustrated notes

Levels and vault maps discovered:
D:1:      wander_arrival_fairy_ring, layout_basic,
          hellmonk_ecumenical_altar_pennies_from_heaven
D:2:      layout_basic, serial_shops, nicolae_lakefront_shop
D:3:      layout_rooms, serial_shops, nicolae_shop_competitors_out_of_business,
          kennysheep_boxes
D:4:      layout_cave_pools, dancing_weapons_uskayaw
D:5:      layout_basic, cheibriados_altar_1, temple_green,
          chequers_serial_rivers_micro_c, st_stairs_14, uniq_pikel
D:6:      layout_rooms
D:7:      layout_loops_corners, nicolae_wu_jian_wuxing_cycle
D:8:      layout_gridville, uniq_maggie
D:9:      layout_basic, mainiacjoe_overflow_large_starburst,
          grunt_temple_overflow_cloverleaf, hangedman_feature_mirror
D:10:     layout_roguey, nicolae_qazlal_general_emergency, orc_0_dummy,
          serial_rivers, chequers_serial_rivers_large_b,
          chequers_serial_rivers_micro_b, chequers_serial_rivers_small_3,
          chequers_serial_rivers_micro_c, minmay_puff, uniq_fannar
D:11:     layout_long_grid, grunt_lair_entry_orc_guard_hut,
          minmay_protected_statue
D:12:     layout_roguey, ebering_ghost_xom, chequers_avenue,
          hangedman_parallel_progression, uniq_psyche
D:13:     layout_irregular_city, david_vaults_5, minivault_22
D:14:     layout_loops_cross, chequers_serial_rivers_small_b, serial_shops,
          shop_fountains, nicolae_trove_entry_columns, uniq_snorg
D:15:     gammafunk_enter_depths_forms, layout_rooms, gauntlet_entry_generic
Temple:   nicolae_temple_x_marks_the_god
Lair:1:   layout_regular_city, st_stairs_6
Lair:2:   layout_loops_ring, lemuel_oklob_altar, uniq_gastronok
Lair:3:   layout_regular_city, minmay_swamp_entry_worms, grunt_megastairs_1
Lair:4:   layout_misc_corridors, guppyfry_snake_entry_garden
Lair:5:   layout_layer_cave, slime_altar_1
Lair:6:   evilmike_catoblepas_cave, layout_cave_pods, ebering_ghost_inner_flame,
          grunt_megastairs_3, lemuel_fruit_tree, lemuel_fruit_fields
Snake:1:  layout_chambers, grunt_ministairs_2, drop_trap, st_stairs_9,
          nicolae_snake_salamander_zone
Snake:2:  layout_onion_interference, portal_ice_cave_entry_pillars_three,
          nicolae_snake_gridmaze_waves, uniq_frances
Snake:3:  layout_gridlike
Snake:4:  snake_pit_salamanders_mu, layout_cave_town, uniq_aizul
Orc:1:    layout_caves
Orc:2:    grunt_orc_gardens, layout_diamond_mine, grunt_orc_garden,
          grunt_orc_garden, grunt_orc_garden, grunt_orc_garden, serial_shops,
          shop_statue

Skill      XL: |  1  2  3  4  5  6  7  8  9 10 11 12 13 14 15 16 17 |
---------------+----------------------------------------------------+-----
Fighting       | 1 2 3 4 5 6 7 9 10 11 12 13 14 | 14.7
Dodging        | 2 3 4 5 6 7 |  7.6
Conjurations   | 5 6 7 8 9 10 11 | 11.3
Stealth        | 2 3 4 5 |  5.4
Spellcasting   | 3 4 5 6 8 9 10 11 12 13 | 13.6
Short Blades   | 1 2 3 |  3.2
Throwing       | 1 2 4 5 6 7 8 |  8.8
Shields        | 2 4 5 6 |  6.8
Maces & Flails | 1 3 4 5 6 7 8 |  8.6
Poison Magic   | 3 4 5 6 |  6.8
Air Magic      | 3 4 5 6 7 8 |  8.3
Evocations     | 1 4 5 |  5.4
Translocations | 2 |  2.9
Earth Magic    | 2 3 4 5 |  5.1
Transmutations | 1 2 |  2.2
Summonings     | 1 |  1.4

Action                   |  1- 3 |  4- 6 |  7- 9 | 10-12 | 13-15 | 16-18 || total
-------------------------+-------+-------+-------+-------+-------+-------++-------
Melee: Unarmed           |    21 |       |       |       |       |       ||    21
       Tailslap          |     4 |     1 |       |     5 |    57 |    44 ||   111
       Dagger            |    23 |     8 |    16 |       |       |       ||    47
       Flail             |       |       |       |    83 |   400 |   285 ||   768
Throw: Dart              |       |     7 |    37 |    72 |   166 |    11 ||   293
       Boomerang         |       |       |       |       |     3 |       ||     3
       Javelin           |       |       |       |       |     1 |       ||     1
 Cast: Magic Dart        |    61 |    33 |    15 |     9 |    27 |    16 ||   161
       Searing Ray       |     4 |    18 |    52 |   119 |   138 |    51 ||   382
       Poisonous Vapours |       |       |       |    56 |   181 |    43 ||   280
       Mephitic Cloud    |       |       |       |    15 |    33 |     1 ||    49
       Iskenderun's Myst |       |       |       |     9 |    49 |    14 ||    72
       Petrify           |       |       |       |       |    15 |    40 ||    55
       Sandblast         |       |       |       |       |    97 |    15 ||   112
       Apportation       |       |       |       |       |    19 |     3 ||    22
       Lightning Bolt    |       |       |       |       |    42 |    98 ||   140
       Summon Lightning  |       |       |       |       |     9 |    15 ||    24
       Iron Shot         |       |       |       |       |       |    10 ||    10
 Abil: Breathe Frost     |       |       |    10 |    26 |    71 |    22 ||   129
Evoke: Wand              |       |       |     1 |    57 |    85 |    41 ||   184
       Phantom mirror    |       |       |       |       |       |     1 ||     1
  Use: Scroll            |       |     4 |     4 |     7 |    13 |     5 ||    33
       Potion            |       |       |       |     3 |       |     4 ||     7
 Stab: Sleeping          |       |       |     1 |       |       |       ||     1
Armor: Skin              |    17 |     7 |    25 |    81 |   212 |    95 ||   437
Dodge: Dodged            |    16 |     5 |    31 |   122 |   388 |   195 ||   757
Block: Buckler           |       |       |       |    51 |   272 |    91 ||   414
